 Dungeon Crawl Stone Soup version 0.31-a0-538-gbc85326fa9 (webtiles) character file.

Game seed: 9571182067375432845

63 Twinkles the Ruffian (level 4, -11/29 HPs)
             Began as an Octopode Shapeshifter on Aug 13, 2023.
             Was a Believer of Elyvilon.
             Mangled by an ogre
             ... wielding a +0 giant club
              (23 damage)
             ... on level 3 of the Dungeon.
             The game lasted 00:04:41 (1768 turns).

Twinkles the Ruffian (Octopode Shapeshifter)        Turns: 1768, Time: 00:04:42

Health: -11/29     AC:  1    Str: 16    XL:     4   Next: 10%
Magic:  4/4        EV: 18    Int: 10    God:    Elyvilon [**....]
Gold:   119        SH:  0    Dex: 12    Spells: 3/3 levels left

rFire   . .          .
                       - Unarmed
rCold   . . .        (no shield)
rNeg    . . .        (helmet currently unavailable)
rPois   .            i - amulet of the acrobat
rElec   .            d - +5 ring of evasion
rCorr   .            j - ring of willpower
SInv    .            (no ring)
Will    +....        (no ring)
Stlth   +++          (no ring)
HPRegen 0.24/turn    (no ring)
MPRegen 0.09/turn    (no ring)
                     (no ring)

%: acrobat
@: beast-form
A: beast (slay +2), almost no armour, amphibious, 8 rings, camouflage 1,
gelatinous body 1, (nimble swimmer 1), tentacles
a: Begin Untransformation, Renounce Religion, Purification, Heal Other


You were on level 3 of the Dungeon.
You worshipped Elyvilon.
Elyvilon was pleased with you.
You were a hulking beast.
You visited 1 branch of the dungeon, and saw 3 of its levels.

You collected 119 gold pieces.

Inventory:

Jewellery
 d - a +5 ring of evasion (left tentacle)
 i - an amulet of the acrobat (around mantle)
 j - a ring of willpower (right tentacle)
Talismans
 b - a beast talisman (active)
 c - a flux talisman
Scrolls
 a - 2 scrolls of teleportation {unknown}
 g - 2 scrolls of vulnerability {unknown}
 h - a scroll of brand weapon {unknown}
 k - 3 scrolls of butterflies {unknown}
 m - a scroll of identify {unknown}
 n - a scroll of blinking {unknown}
 o - a scroll of amnesia {unknown}
Potions
 e - a potion of degeneration {unknown}
 f - a potion of haste {unknown}
 l - a potion of berserk rage {unknown}
 P - a potion of lignification


   Skills:
 + Level 2.0 Fighting
 - Level 2.0 Dodging
 - Level 2.1 Stealth
 + Level 3.5 Unarmed Combat
 + Level 0.5 Invocations
 + Level 3.3 Shapeshifting


You had 3 spell levels left.
You didn't know any spells.
Your spell library contained the following spells:

 Spells                   Type           Power      Damage    Failure   Level
 Ensorcelled Hibernation  Hex/Ice        0%         N/A       50%         2
 Lesser Beckoning         Tloc           0%         N/A       50%         2
 Gell's Gravitas          Tloc           0%         N/A       75%         3
 Inner Flame              Hex/Fire       0%         N/A       75%         3
 Teleport Other           Tloc           0%         N/A       75%         3
 Anguish                  Hex/Necr       0%         N/A       98%         4
 Yara's Violent Unravell  Hex/Tmut       0%         3d3       100%        5
 Enfeeble                 Hex            0%         N/A       100%        7


Dungeon Overview and Level Annotations

Branches:
Dungeon (3/15) Zot: 16235

Altars:
Elyvilon


Innate Abilities, Weirdness & Mutations

You are a hulking beast.
Your limbs bulge with bestial killing power. (Slay +2)
You cannot wear most types of armour.
You are amphibious.
You can wear up to eight rings at the same time.
Your skin changes colour to match your surroundings (Stealth+).
Your rubbery body absorbs attacks. (AC +1, EV +1)
((You are camouflaged when in or above water. (Stealth+)))
You have tentacles for arms and can constrict up to eight enemies at once.


Message History

You see here 3 stones.
k - 3 scrolls labelled BAIH XUIMPOAGA (gained 2)
Found a pair of gloves.
A quokka comes into view.
A quokka is nearby!
You see here a +0 pair of gloves.
No target in view!
No target in view!
A quokka comes into view.
You bludgeon the quokka!
You kill the quokka!
You see here a quokka corpse.
You tentacle-slap the quokka but do no damage.
You grab the quokka. You constrict the quokka.
The quokka completely misses you.
You tentacle-slap the quokka but do no damage.
You squeeze the quokka.
You kill the quokka!
No target in view!
Found an escape hatch in the floor.
A goblin comes into view. It is wielding a +0 dagger.
An ogre comes into view. It is wielding a +0 giant club.
The goblin shouts!
The ogre shouts!
The goblin completely misses you.
You tentacle-slap the goblin. Your grab misses the goblin.
The goblin is heavily wounded.
You closely miss the goblin. You grab the goblin.
The goblin is heavily wounded.
You constrict the goblin. The goblin hits you with a +0 dagger.
You tentacle-slap the goblin.
You kill the goblin!
You bludgeon the ogre!
The ogre is moderately wounded.
The ogre hits you with a +0 giant club!
Ouch! That really hurt!
You tentacle-slap the ogre.
The ogre is severely wounded.
The ogre hits you with a +0 giant club!!
Ouch! That really hurt!
You die...

...# ...# .... .. ##.#
#...# .# ##.# #...# .#
.#.# #...# .# .
.#.######...#####.## ..#
...................#...#
.............>.........#
##.^............hO.#
..#######...######## ..#
#...# ..# #...# ..#
#...# [.# #...# ###
#...# #########..)###
..............######.


You could see an ogre.

Vanquished Creatures
  2 adders (D:2)
  2 dart slugs (D:2)
  An orc (D:3)
  3 endoplasms
  A giant cockroach (D:1)
  4 goblins
  2 hobgoblins
  4 jackals (D:3)
  2 kobolds
  3 quokkas
  3 ball pythons
  A bat (D:1)
  3 frilled lizards
  9 rats
  A spectral kobold (D:1)
41 creatures vanquished.

Notes
Turn   | Place    | Note
-------+----------+-------------------------------------------
     0 | D:1      | Twinkles the Octopode Shapeshifter began the quest for the
                  | Orb.
     0 | D:1      | Reached XP level 1. HP: 13/13 MP: 1/1
    56 | D:1      | Found a faded altar of an unknown god.
    66 | D:1      | Prayed at the altar of an unknown god.
    66 | D:1      | Became a worshipper of Elyvilon the Healer
    66 | D:1      | Reached * piety under Elyvilon
   194 | D:1      | Reached skill level 1 in Stealth
   194 | D:1      | Reached XP level 2. HP: 18/18 MP: 2/2
   734 | D:2      | Reached ** piety under Elyvilon
   839 | D:2      | Reached XP level 3. HP: 19/23 MP: 3/3
  1340 | D:2      | You fall into a shaft and drop 1 floor!
  1590 | D:3      | Identified the +0 leather armour "Zunne Bairch" {rPois rN+
                  | Will+}
  1609 | D:3      | Reached XP level 4. HP: 27/29 MP: 4/4
  1761 | D:3      | Noticed an ogre
  1768 | D:3      | Mangled by an ogre

Illustrated notes

Levels and vault maps discovered:
D:1:      reono_arrival_mine, layout_loops_ring,
          dreamdust_ecumenical_altar_drowned_temple,
          hangedman_decor_diamond_cutter, minmay_tromino_i2
D:2:      minmay_chambers_of_ones, layout_basic
D:3:      layout_loops_cross

Skill      XL: |  1  2  3 |
---------------+----------+-----
Stealth        | 1 2 |  2.1
Fighting       | 2 |  2.0
Dodging        | |  2.0
Unarmed Combat | |  3.5
Invocations    | |  0.5
Shapeshifting  | |  3.3

Action                     |  1- 3 |  4- 6 || total
---------------------------+-------+-------++-------
  Melee: Unarmed           |    58 |    11 ||    69
         Tentacles         |     6 |     1 ||     7
         Constrict         |    11 |     2 ||    13
         Punch             |     2 |       ||     2
   Stab: Sleeping          |    13 |       ||    13
 Armour: Skin              |     1 |       ||     1
  Dodge: Dodged            |    32 |     3 ||    35

Table legend: (Time is in decaauts)
 A = Elapsed time spent in this place.
 B = Non-inter-level travel time spent in this place.
 C = Inter-level travel time spent in this place.
 D = Time resting spent in this place.
 E = Time spent auto-exploring this place.
 F = Levels seen in this place.
 G = Mean time per level.
                   A        B        C        D        E       F      G
               +--------+--------+--------+--------+--------+-----+--------+
         Total |   1763 |   1705 |     58 |      0 |   1434 |   3 |  587.7 |
       Dungeon |   1763 |   1705 |     58 |      0 |   1434 |   3 |  587.7 |
               +--------+--------+--------+--------+--------+-----+--------+

Top non-repeatable levels by time:
     D:2: 761 daAuts
     D:1: 726 daAuts
     D:3: 274 daAuts
